 Dungeon Crawl Stone Soup version 0.23-a0-49-gd9f7a49668 (webtiles) character file.

457 LLavrengius the Caller (level 7, 0/46 HPs)
             Began as an Octopode Summoner on Aug 7, 2018.
             Slain by a slave (6 damage)
             ... led by Pikel
             ... on level 4 of the Dungeon.
             The game lasted 00:24:33 (5838 turns).

LLavrengius the Caller (Octopode Summoner)          Turns: 5838, Time: 00:24:34

Health: 0/46       AC:  1    Str:  8    XL:     7   Next: 6%
Magic:  10/10      EV: 13    Int: 19    God:
Gold:   261        SH:  0    Dex: 12    Spells: 3/10 levels left

rFire    . . .     SeeInvis .     - Unarmed
rCold    . . .     Gourm    .   (no shield)
rNeg     . . .     Faith    .   (helmet restricted)
rPois    .         Spirit   .   (no amulet)
rElec    .         Reflect  .   (no ring)
rCorr    .         Harm     .   (no ring)
MR       .....                  (no ring)
Stlth    +++.......             (no ring)
HPRegen  0.15/turn              (no ring)
MPRegen  0.12/turn              (no ring)
                                (no ring)
                                (no ring)

@: no status effects
A: almost no armour, stealthy swim, amphibious, 8 rings, constrict 8, camouflage
1, gelatinous body 1
a: no special abilities


You were on level 4 of the Dungeon.
You were very hungry.

You visited 1 branch of the dungeon, and saw 5 of its levels.

You collected 261 gold pieces.

Inventory:

Hand Weapons
 m - a +0 hunting sling
 p - a +0 mace of protection
 s - a +2 dagger of electrocution
Missiles
 c - 113 stones (quivered)
 g - 25 arrows
 i - 57 sling bullets
 v - 3 tomahawks of returning
 y - 22 bolts
Armour
 j - a cursed +0 shield
Jewellery
 x - a cursed -3 ring of evasion {unknown}
Wands
 w - a wand of digging (13)
Scrolls
 d - 3 scrolls of remove curse {unknown}
 f - 5 scrolls of teleportation {unknown}
 h - a scroll of fear {unknown}
 k - a scroll of enchant armour {unknown}
 q - a scroll of magic mapping {unknown}
 r - a scroll of noise {unknown}
 t - 3 scrolls of blinking {unknown}
 u - 3 scrolls of amnesia {unknown}
 A - a scroll of fog {unknown}
Potions
 a - a potion of might {unknown}
 e - 2 potions of heal wounds {unknown}
 l - 3 potions of curing {unknown}
 n - a potion of lignification {unknown}
 o - a potion of haste {unknown}
Comestibles
 b - 7 rations


   Skills:
 + Level 3.2 Fighting
 - Level 2.0 Dodging
 - Level 2.6 Stealth
 + Level 3.2 Unarmed Combat
 - Level 2.0 Spellcasting
 - Level 6.0 Summonings
 * Level 1.9 Air Magic


You had 3 spell levels left.
You knew the following spells:

 Your Spells              Type           Power        Failure   Level  Hunger
a - Summon Small Mammal   Summ           ###.         1%          1    #......
b - Call Imp              Summ           ###.....     2%          2    ###....
c - Summon Lightning Spi  Summ/Air       ###.....     32%         4    #####..

Your spell library contained the following spells:

 Spells                   Type           Power        Failure   Level  Hunger
 Summon Ice Beast         Ice/Summ       ##......     43%         4    #####..
 Call Canine Familiar     Summ           ###.....     4%          3    ###....
 Summon Guardian Golem    Hex/Summ       ##......     14%         3    ###....


Dungeon Overview and Level Annotations

Branches:
Dungeon (5/15)             Temple (0/1) D:5

Altars:
Makhleb
Qazlal
Trog
Zin

Annotations:
D:4 Pikel


Innate Abilities, Weirdness & Mutations

You cannot wear most types of armour.
You are very stealthy in the water. (Stealth+)
You are amphibious.
You can wear up to eight rings at the same time.
You can use your tentacles to constrict eight enemies at once.
Your skin changes colour to match your surroundings (Stealth+).
Your rubbery body absorbs attacks. (AC +1, EV +1)


Message History

There is a stone staircase leading up, spattered with blood here.
The slave barely misses you. Pikel hits you with a whip of freezing.
Pikel freezes you.
You climb upwards.
There is a stone staircase leading down, spattered with blood here.
Pikel barely misses you.
There is an open door here.
There is an open door here.
Pikel scowls and wipes his hands on his robe.
Pikel barely misses you. The slave hits you.
You tentacle-slap the slave. You grab the slave.
The slave is lightly wounded.
You constrict the slave. The slave hits you!
Pikel hits you with a whip of freezing!
* * * LOW HITPOINT WARNING * * *
Pikel freezes you.
* * * LOW HITPOINT WARNING * * *
You release your grip on the slave.
The slave hits you.
You die...

.............##....##..###...##.)
.............#####'##..########..
...................#..........'..
.#########...##....#..........#..
####...###...##..######.##....#..
........#....##########.##..#####
........'.....'......#.......#
.###...####).##.pK...#.......#
.###...########.@....##...#..#
...+..........#...#..##...####
...#.........##...#####...<#
######...##...###.# #.....#
######...##...# ### #.....#
....#....###### #.....#
....#.....# ##.....# ....#.....##
#.....## ######.....# #######


You could see Pikel and a slave.

Vanquished Creatures
  A scorpion (D:4)
  A hound (D:4)
  A gnoll shaman (D:3)
  A hound skeleton (D:4)
  A gnoll (D:3)
  An adder (D:4)
  2 dart slugs
  2 worms
  2 leopard geckos
  4 orcs
  5 giant cockroaches
  7 goblins
  9 hobgoblins
  3 jackals (D:5)
  7 kobolds
  8 bats
  3 frilled lizards
  6 rats
64 creatures vanquished.

Vanquished Creatures (collateral kills)
  A phantom (D:4)
  A sky beast (D:5)
  An ogre (D:4)
  2 scorpions
  An orc wizard (D:5)
  An iguana (D:5)
  2 gnolls (D:3)
  An adder (D:3)
  4 orcs
  A hobgoblin (D:1)
  A quokka (D:4)
  2 bats
  2 kobolds
  A rat (D:1)
21 creatures vanquished.

Grand Total: 85 creatures vanquished

Notes
Turn   | Place    | Note
-------+----------+-------------------------------------------
     0 | D:1      | LLavrengius the Octopode Summoner began the quest for the Orb.
     0 | D:1      | Reached XP level 1. HP: 11/11 MP: 3/3
   346 | D:1      | Reached XP level 2. HP: 17/18 MP: 5/5
  1348 | D:1      | Reached skill level 1 in Fighting
  1348 | D:1      | Reached skill level 1 in Unarmed Combat
  1544 | D:2      | Reached XP level 3. HP: 14/23 MP: 6/6
  1900 | D:2      | Found a bloodstained altar of Trog.
  2020 | D:2      | Learned a level 2 spell: Call Imp
  2424 | D:3      | Reached XP level 4. HP: 24/28 MP: 5/7
  2569 | D:3      | Found a glowing silver altar of Zin.
  2569 | D:3      | Found a burning altar of Makhleb.
  2584 | D:3      | Reached skill level 5 in Summonings
  2588 | D:3      | Noticed an Executioner
  2588 | D:3      | Noticed an angel
  2892 | D:3      | Reached XP level 5. HP: 10/34 MP: 1/8
  4072 | D:4      | Noticed a phantom
  4155 | D:4      | Killed a phantom
  4155 | D:4      | Reached XP level 6. HP: 8/41 MP: 2/9
  4376 | D:4      | Learned a level 4 spell: Summon Lightning Spire
  4815 | D:4      | Reached skill level 6 in Summonings
  4964 | D:4      | Found a stormy altar of Qazlal.
  4965 | D:4      | Noticed an air elemental
  4967 | D:4      | Noticed a water elemental
  4967 | D:4      | Noticed a fire elemental
  4999 | D:4      | Reached skill level 1 in Air Magic
  5246 | D:5      | Entered Level 5 of the Dungeon
  5246 | D:5      | Noticed a sky beast
  5273 | D:5      | Killed a sky beast
  5425 | D:5      | Reached XP level 7. HP: 41/46 MP: 6/10
  5684 | D:5      | Found a staircase to the Ecumenical Temple.
  5690 | D:5      | Noticed Pikel
  5838 | D:4      | Slain by a slave

Vault maps used:
D:1:      lemuel_arrival_behind_the_door_large
D:2:      trog_three_pillars_becter
D:3:      grunt_temple_overflow_order_and_chaos_2,
          hangedman_abyss_or_decor_lesser_grid
D:4:      first_ration, nicolae_qazlal_style_of_elements
D:5:      minmay_temple_entry_trees, nicolae_dithmenos_shadow_blocks, uniq_pikel

Skill      XL: |  1  2  3  4  5  6 |
---------------+-------------------+-----
Fighting       | 1 2 3 |  3.2
Unarmed Combat | 1 2 3 |  3.2
Summonings     | 5 6 |  6.0
Air Magic      | 1 |  1.9
Dodging        | |  2.0
Stealth        | |  2.6
Spellcasting   | |  2.0

Action                   |  1- 3 |  4- 6 |  7- 9 || total
-------------------------+-------+-------+-------++-------
Melee: Unarmed           |   129 |   117 |    14 ||   260
       Constrict         |    37 |    22 |     4 ||    63
       Tentacles         |    22 |    20 |     1 ||    43
 Cast: Summon Small Mamm |     3 |     6 |       ||     9
       Call Imp          |     2 |    29 |     7 ||    38
 Stab: Sleeping          |    11 |     4 |       ||    15
  Eat: Chunk             |     5 |    10 |     2 ||    17
Armor: Skin              |    25 |     2 |       ||    27
Dodge: Dodged            |    82 |    54 |    11 ||   147

Table legend:
 A = Spawn XP
 B = Non-spawn XP
 C = Spawn XP percentage of total XP
 D = Spawn monster count
 E = Non-spawn monster count
 F = Spawn count percentage of total count
 G = Total turns spent on level
                    A         B        C        D         E        F      G
               +---------+---------+-------+---------+---------+-------+---------
         Total |       0 |     653 |   0.0 |       0 |      85 |   0.0 |  5838
               +---------+---------+-------+---------+---------+-------+---------
           D:1 |       0 |      32 |   0.0 |       0 |      21 |   0.0 |  1533
           D:2 |       0 |      34 |   0.0 |       0 |      18 |   0.0 |   773
           D:3 |       0 |     141 |   0.0 |       0 |      26 |   0.0 |  1579
           D:4 |       0 |     316 |   0.0 |       0 |      11 |   0.0 |  1455
           D:5 |       0 |     130 |   0.0 |       0 |       9 |   0.0 |   498
               +---------+---------+-------+---------+---------+-------+---------
